 Dungeon Crawl Stone Soup version 0.19-a0-1109-g16db51f (webtiles) character file.

10 MrRokkomies the Caller (level 2, -2/23 HPs)
             Began as a Demigod Summoner on Aug 10, 2016.
             Slain by a quokka (3 damage)
             ... on level 2 of the Dungeon.
             The game lasted 00:01:27 (535 turns).

MrRokkomies the Caller (Demigod Summoner)            Turns: 535, Time: 00:01:28

Health: -2/23      AC:  2    Str: 11    XL:     2   Next: 0%
Magic:  7/7        EV: 12    Int: 19    God:
Gold:   58         SH:  0    Dex: 16    Spells: 1 memorised, 3 levels left

rFire  + . .     SeeInvis .     a - +0 spear
rCold  . . .     Gourm    .     h - +0 robe
rNeg   . . .     Faith    .     (no shield)
rPois  .         Spirit   .     (no helmet)
rElec  .         Dismiss  .     (no cloak)
rCorr  .         Reflect  .     (no gloves)
SustAt +         Harm     .     (no boots)
MR     .....                    (no amulet)
Stlth  ++........               (no ring)
                                g - ring of protection from fire

@:
A: high mp 1, sustain attributes
a: no special abilities


You were on level 2 of the Dungeon.
You were not hungry.

You visited 1 branch of the dungeon, and saw 2 of its levels.

You collected 58 gold pieces.

Inventory:

Hand Weapons
 a - a +0 spear (weapon)
Missiles
 d - 11 bolts
Armour
 h - a +0 robe (worn)
Jewellery
 g - a ring of protection from fire (left hand)
Scrolls
 i - a scroll of immolation
Potions
 e - a potion of cure mutation
 f - 2 potions of flight {unknown}
 j - a potion of heal wounds {unknown}
Books
 b - a book of Callings

   Spells                             Type                      Level
   a - Summon Small Mammal            Summoning                    1
   b - Call Imp                       Summoning                    2
   c - Call Canine Familiar           Summoning                    3
   d - Summon Guardian Golem          Hexes/Summoning              3
   e - Summon Lightning Spire         Summoning/Air                4
   f - Summon Ice Beast               Ice/Summoning                4
Comestibles
 c - a bread ration
 k - a beef jerky


   Skills:
 * Level 1.0 Fighting
 - Level 1.7 Dodging
 - Level 1.7 Stealth
 - Level 1.7 Spellcasting
 * Level 3.8 Summonings


You had 3 spell levels left.
You knew the following spells:

 Your Spells              Type           Power        Failure   Level  Hunger
a - Summon Small Mammal   Summ           ###.         4%          1    #......


Dungeon Overview and Level Annotations

Branches:
Dungeon (2/15)


Innate Abilities, Weirdness & Mutations

You have an increased reservoir of magic. (+10% MP)
Your attributes are resistant to harm.


Message History

You are too injured to fight recklessly!
You are too injured to fight recklessly!
You are too injured to fight recklessly!
You closely miss the quokka. The quokka barely misses you.
You hit the quokka but do no damage. The quokka bites you.
You closely miss the quokka. The quokka misses you. The quokka bites you.
You hit the quokka but do no damage. The quokka bites you.
* * * LOW HITPOINT WARNING * * *
You hit the quokka.
The quokka is severely wounded.
The quokka barely misses you.
You closely miss the quokka.
The quokka is severely wounded.
The quokka bites you.
* * * LOW HITPOINT WARNING * * *
The quokka bites you but does no damage.
You barely miss the quokka.
The quokka is severely wounded.
The quokka bites you.
You die...

.....###.#
#..#.# ....##
#.#######.)#.#
...##
...........#.#
.###
#.#######.##.#
.####.# .#
#.##.# ......#
###.#.#.#
.######
..###..#
....S.
###.#.###
...... #@##
###### #r# #
#.# .. #.# ...
#.# ##. #.#
..# ###


You could see a quokka.

Vanquished Creatures
  A dart slug (D:1)
  3 bats
  A hobgoblin (D:2)
  2 kobolds
  2 rats (D:1)
9 creatures vanquished.

Notes
Turn   | Place    | Note
-------+----------+-------------------------------------------
     0 | D:1      | MrRokkomies the Demigod Summoner began the quest for the Orb.
     0 | D:1      | Reached XP level 1. HP: 14/14 MP: 5/5
   337 | D:1      | Reached skill level 1 in Fighting
   527 | D:2      | Reached XP level 2. HP: 18/23 MP: 7/7
   534 | D:2      | HP: 1/23 [quokka (3)]
   535 | D:2      | Slain by a quokka

Vault maps used:
D:1:      sevenhm_arrival_forest_fort_large_4
D:2:      overflow_temple_1_default, ecumenical_altar_1, serial_undead,
          serial_undead_c, serial_undead_a, serial_undead_c, serial_undead_b,
          serial_undead_b, serial_undead_c

Skill      XL: |  1 |
---------------+----+-----
Fighting       | 1 |  1.0
Dodging        | |  1.7
Stealth        | |  1.7
Spellcasting   | |  1.7
Summonings     | |  3.8

Action                   || total
-------------------------++-------
Melee: Spear             ||    33
       Whip              ||     6
       Unarmed           ||     2
  Use: Scroll            ||     2
 Stab: Sleeping          ||     1
Armor: Robe              ||     6
Dodge: Dodged            ||    23
